Lightning vs Stars

Created - 29 décembre 2020 at 21:27

Goals
1 2 3 T
Lightning 0 0 1 1
Stars 0 5 0 5
Shots
1 2 3 T
Lightning 13 12 14 39
Stars 5 15 15 35

1st period

No Goal

Penalties :
Darnell Nurse (DAL) for Goalie Interference (Minor) at 0:16, Zach Aston-Reese (DAL) for Hooking (Minor) at 12:42

2nd period

1. Stars , Sidney Crosby 15 (John Klingberg 18, Darnell Nurse 5) at 0:59
2. Stars , Jon Marchessault 6 (Mattias Ekholm 19, Duncan Keith 14) at 1:41
3. Stars , Sidney Crosby 16 (Nazem Kadri 10, John Klingberg 19) at 2:18
4. Stars , Nazem Kadri 11 (Evgenii Dadonov 11, Sami Vatanen 11) at 18:41 (PP)
5. Stars , Josh Leivo 1 (Darnell Nurse 6, John Klingberg 20) at 19:20

Penalties :
Duncan Keith (DAL) for Interference (Minor) at 4:54, Darnell Nurse (DAL) for Slashing (Minor) at 14:12, Erik Gudbranson (TBL) for Hooking (Minor) at 17:17

3rd period

6. Lightning , Pierre-Edouard Bellemare 6 (Kevin Shattenkirk 17, Patrice Bergeron 20) at 19:19

Penalties :
Darnell Nurse (DAL) for Hooking (Minor) at 1:02, Alexander Edler (TBL) for Holding (Minor) at 5:02, Mattias Ekholm (DAL) for Slashing (Minor) at 13:32

Goalie Stats

Elvis Merzlikins (TBL), 16 saves from 17 shots - (0,941), 21:19 minutes
Jaroslav Halak (TBL), 14 saves from 18 shots - (0,778), L, 12-5-1, 38:41 minutes
Darcy Kuemper (DAL), 38 saves from 39 shots - (0,974), W, 18-6-4, 60:00 minutes

Players Stats for Lightning

Player Name              G  A  P  +/- PIM S  H  SB GA TA FO     MP     PP MP  PK MP  
------------------------------------------------------------------------------------
Alex Killorn             0  0  0  -2  0   4  2  0  0  0  0/2    22:44   6:18   0:00 
Alexander Edler          0  0  0   0  2   5  2  2  0  0  0/0    25:34   6:09   1:01 
Bo Horvat                0  0  0  -2  0   4  1  0  0  0  15/37  22:44   6:18   0:00 
Erik Gudbranson          0  0  0  -2  2   0  1  0  0  0  0/0    19:00   5:45   0:00 
Frederik Gauthier        0  0  0   0  0   1  0  0  0  0  8/9     5:12   0:00   1:07 
Gabriel Carlsson         0  0  0   0  0   0  0  0  0  0  0/0     0:00   0:00   0:00 
Jason Demers             0  0  0  -1  0   2  1  2  0  0  0/0    14:31   0:00   1:29 
Jeff Carter              0  0  0  -1  0   0  2  0  0  0  1/1    18:10   5:36   0:00 
Jeff Skinner             0  0  0   0  0   4  0  0  0  0  1/1    12:03   0:00   0:25 
Joonas Donskoi           0  0  0  -1  0   3  0  0  0  0  0/2    19:17   5:36   1:07 
Kevin Shattenkirk        0  1  1   0  0   2  1  0  0  0  0/0    26:28   6:09   1:54 
Logan Couture            0  0  0  -2  0   3  1  0  0  0  0/0    22:44   6:18   0:00 
Patrice Bergeron         0  1  1  -1  0   5  4  0  0  0  13/26  22:15   5:36   0:00 
Pierre-Edouard Bellemare 1  0  1   0  0   2  0  0  0  0  0/1     5:56   0:00   1:51 
Travis Zajac             0  0  0   0  0   1  0  0  0  0  7/20   13:54   0:00   2:16 
Trevor Daley             0  0  0  -1  0   0  0  2  0  0  0/0    13:55   0:00   0:53 
Zach Bogosian            0  0  0  -2  0   1  1  1  0  0  0/0    20:30   5:45   1:29 
Zack Kassian             0  0  0   0  0   2  3  0  0  0  0/0    11:38   0:00   0:00 

Players Stats for Stars

Player Name              G  A  P  +/- PIM S  H  SB GA TA FO     MP     PP MP  PK MP  
------------------------------------------------------------------------------------
Darnell Nurse            0  2  2   2  6   0  1  0  0  0  0/0    22:41   0:00   3:35 
Derick Brassard          0  0  0   1  0   2  0  0  0  0  9/11    9:45   0:00   0:00 
Duncan Keith             0  1  1   1  2   5  2  0  0  0  0/0    22:14   1:44   5:31 
Evgenii Dadonov          0  1  1   1  0   4  0  0  0  0  0/1    15:46   1:31   1:32 
Ilya Mikheyev            0  0  0   0  0   1  0  0  0  0  0/0    11:52   0:00   7:04 
James van Riemsdyk       0  0  0   1  0   1  0  0  0  0  0/1    10:13   0:28   0:00 
John Klingberg           0  3  3   2  0   2  0  5  0  0  0/0    25:59   1:39   5:11 
Jon Marchessault         1  0  1   1  0   4  3  0  0  0  1/2    14:35   1:52   0:00 
Josh Leivo               1  0  1   1  0   1  0  0  0  0  0/0     9:45   0:00   0:00 
Mattias Ekholm           0  1  1   1  2   1  2  0  0  0  0/0    22:14   1:39   6:26 
Nazem Kadri              1  1  2   1  0   3  5  1  0  0  4/5    20:04   1:31   0:27 
Sami Vatanen             0  1  1   0  0   1  4  0  0  0  0/0    16:27   1:44   3:05 
Scott Mayfield           0  0  0   0  0   0  1  1  0  0  0/0     9:41   0:00   0:00 
Sidney Crosby            2  0  2   1  0   7  1  0  0  0  16/23  19:58   1:52   0:00 
Teddy Blueger            0  0  0   0  0   0  0  0  0  0  11/22  11:42   0:00   7:33 
Tyler Toffoli            0  0  0   1  0   1  1  0  0  0  1/1    19:30   1:24   0:00 
William Karlsson         0  0  0   1  0   1  2  0  0  0  12/33  18:08   1:31   3:54 
Zach Aston-Reese         0  0  0   0  2   1  1  0  0  0  0/0     7:26   0:00   3:18 

3 Stars

1 - Darcy Kuemper (DAL)
2 - Nazem Kadri (DAL)
3 - Sidney Crosby (DAL)

Power Play

Lightning - 0 on 6 Attempt(s) - 0,00%
Stars - 1 on 2 Attempt(s) - 50,00%

Penalty Kill

Lightning - 1 on 2 Attempt(s) - 50,00% - Score 0 goal in Penalty Kill
Stars - 6 on 6 Attempt(s) - 100,00% - Score 0 goal in Penalty Kill

Team Stat

Lightning - Hits : 19 - Faceoff Wins : 45 - Blocked Shots : 7 - Penalty Minutes : 4
Stars - Hits : 23 - Faceoff Wins : 54 - Blocked Shots : 7 - Penalty Minutes : 12

Official

Referees : Garrett Rank and Jake Brenk
Linesman : James Tobias and Kyle Larson

Game Notes

Elvis Merzlikins enters game at 18:41 of 2nd period
Scott Mayfield is injured at 8:00 of 3rd period (Back)

Finance

Level 1 -- Attendance: 4752 (79,20%) -- Ticket Income 665 280 $
Level 2 -- Attendance: 3638 (72,76%) -- Ticket Income 407 456 $
Level 3 -- Attendance: 2000 (100,00%) -- Ticket Income 208 000 $
Level 4 -- Attendance: 2772 (61,17%) -- Ticket Income 97 020 $
Luxury Box -- Attendance: 715 (71,50%) -- Ticket Income 184 470 $
Game was played at the American Airlines Center.
Total Attendance: 13877 (74,88%)
Total Ticket Income: 1 562 226 $
Other Income: 765 491 $
Total Income: 2 327 717 $

% Time on Ice - Lightning

Lines # - Real PCT - Wanted PCT - Time Play
Normal Forward
1 - 37% - 40% - 16:26
2 - 28% - 33% - 12:34
3 - 26% - 17% - 11:38
4 - 9% - 10% - 4:05
Normal Defense
1 - 37% - 40% - 16:32
2 - 30% - 30% - 13:16
3 - 29% - 20% - 13:02
4 - 4% - 10% - 1:53
PP Forward
1 - 53% - 55% - 6:18
2 - 47% - 45% - 5:36
PP Defense
1 - 52% - 50% - 6:09
2 - 48% - 50% - 5:45
PK Forward
1 - 67% - 60% - 2:16
2 - 33% - 40% - 1:07
PK Defense
1 - 56% - 60% - 1:54
2 - 44% - 40% - 1:29
PK3 Forward
1 - 0% - 60%
2 - 0% - 40%
PK3 Defense
1 - 0% - 60%
2 - 0% - 40%
44 Forward
1 - 0% - 60%
2 - 0% - 40%
44 Defense
1 - 0% - 60%
2 - 0% - 40%
Last Minute Offensive  - 0:00
Last Minute Defensive  - 0:00
Total
Forward - 60:00
Defense - 60:00

% Time on Ice - Stars

Lines # - Real PCT - Wanted PCT - Time Play
Normal Forward
1 - 40% - 40% - 18:06
2 - 28% - 30% - 12:43
3 - 22% - 20% - 9:45
4 - 9% - 10% - 4:09
Normal Defense
1 - 41% - 40% - 18:21
2 - 31% - 30% - 13:56
3 - 26% - 20% - 11:38
4 - 2% - 10% - 0:48
PP Forward
1 - 55% - 60% - 1:52
2 - 45% - 40% - 1:31
PP Defense
1 - 49% - 60% - 1:39
2 - 51% - 40% - 1:44
PK Forward
1 - 67% - 60% - 8:00
2 - 33% - 40% - 3:54
PK Defense
1 - 40% - 60% - 4:48
2 - 60% - 40% - 7:06
PK3 Forward
1 - 0% - 60%
2 - 0% - 40%
PK3 Defense
1 - 0% - 60%
2 - 0% - 40%
44 Forward
1 - 0% - 60%
2 - 0% - 40%
44 Defense
1 - 0% - 60%
2 - 0% - 40%
Last Minute Offensive  - 0:00
Last Minute Defensive  - 0:00
Total
Forward - 60:00
Defense - 60:00

Play-by-Play

1st period


0:01 of 1st period - Sidney Crosby wins face-off versus Bo Horvat in neutral zone.
0:16 of 1st period - Minor Penalty to Darnell Nurse for Goalie Interference.
0:17 of 1st period - Patrice Bergeron wins face-off versus Teddy Blueger in Stars zone.
0:27 of 1st period - Shot by Patrice Bergeron.
0:27 of 1st period - Shot Blocked by John Klingberg.
0:29 of 1st period - Shot by Zach Bogosian.
0:29 of 1st period - Stopped by Darcy Kuemper without a rebound.
0:30 of 1st period - William Karlsson wins face-off versus Bo Horvat in Stars zone.
0:30 of 1st period - William Karlsson is hit by Bo Horvat.
2:00 of 1st period - Joonas Donskoi is hit by Sami Vatanen and loses puck.
2:41 of 1st period - Shot by Zack Kassian.
2:41 of 1st period - Stopped by Darcy Kuemper with a rebound.
3:30 of 1st period - Shot by Frederik Gauthier.
3:30 of 1st period - Stopped by Darcy Kuemper without a rebound.
3:31 of 1st period - William Karlsson wins face-off versus Bo Horvat in Stars zone.
3:42 of 1st period - Shot by Jon Marchessault.
3:42 of 1st period - Shot Blocked by Alexander Edler.
3:54 of 1st period - Icing by William Karlsson.
3:55 of 1st period - William Karlsson wins face-off versus Patrice Bergeron in Stars zone.
4:27 of 1st period - Joonas Donskoi is hit by Nazem Kadri and loses puck.
4:46 of 1st period - Alexander Edler is hit by Tyler Toffoli and loses puck.
4:52 of 1st period - Nazem Kadri is hit by Kevin Shattenkirk and loses puck.
5:07 of 1st period - Shot by Bo Horvat.
5:07 of 1st period - Shot Misses the Net.
5:15 of 1st period - Shot by Bo Horvat.
5:15 of 1st period - Shot Misses the Net.
5:33 of 1st period - Shot by Ilya Mikheyev.
5:33 of 1st period - Stopped by Jaroslav Halak without a rebound.
5:34 of 1st period - Travis Zajac wins face-off versus Derick Brassard in Lightning zone.
5:41 of 1st period - John Klingberg is hit by Zack Kassian and loses puck.
5:46 of 1st period - Shot by Jeff Skinner.
5:46 of 1st period - Stopped by Darcy Kuemper without a rebound.
5:47 of 1st period - Patrice Bergeron wins face-off versus William Karlsson in Stars zone.
5:47 of 1st period - Joonas Donskoi is hit by Duncan Keith and loses puck.
6:00 of 1st period - Shot by Joonas Donskoi.
6:00 of 1st period - Stopped by Darcy Kuemper without a rebound.
6:01 of 1st period - Teddy Blueger wins face-off versus Travis Zajac in Stars zone.
6:21 of 1st period - Shot by Jeff Skinner.
6:21 of 1st period - Stopped by Darcy Kuemper without a rebound.
6:22 of 1st period - Patrice Bergeron wins face-off versus William Karlsson in Stars zone.
6:25 of 1st period - Shot by Jeff Carter.
6:25 of 1st period - Shot Misses the Net.
6:50 of 1st period - Shot by Duncan Keith.
6:50 of 1st period - Stopped by Jaroslav Halak without a rebound.
6:51 of 1st period - Sidney Crosby wins face-off versus Bo Horvat in Lightning zone.
7:27 of 1st period - Icing by Darnell Nurse.
7:28 of 1st period - Sidney Crosby wins face-off versus Patrice Bergeron in Stars zone.
7:28 of 1st period - Sidney Crosby is hit by Jeff Carter.
8:23 of 1st period - Shot by Travis Zajac.
8:23 of 1st period - Deflect By Jeff Skinner.
8:23 of 1st period - Stopped by Darcy Kuemper without a rebound.
8:24 of 1st period - Derick Brassard wins face-off versus Bo Horvat in Stars zone.
8:40 of 1st period - Icing by Alexander Edler.
8:41 of 1st period - Bo Horvat wins face-off versus William Karlsson in Lightning zone.
8:41 of 1st period - Bo Horvat is hit by Jon Marchessault.
9:38 of 1st period - Shot by Derick Brassard.
9:38 of 1st period - Stopped by Jaroslav Halak with a rebound.
9:52 of 1st period - Shot by James van Riemsdyk.
9:52 of 1st period - Shot Misses the Net.
9:59 of 1st period - Derick Brassard is hit by Jason Demers and loses puck.
10:42 of 1st period - Nazem Kadri is hit by Erik Gudbranson and loses puck.
11:06 of 1st period - Logan Couture is hit by Sidney Crosby and loses puck.
11:16 of 1st period - Icing by Kevin Shattenkirk.
11:17 of 1st period - William Karlsson wins face-off versus Bo Horvat in Lightning zone.
11:26 of 1st period - Shot by Jon Marchessault.
11:26 of 1st period - Stopped by Jaroslav Halak with a rebound.
11:28 of 1st period - Shot by Evgenii Dadonov.
11:28 of 1st period - Shot Misses the Net.
11:49 of 1st period - Icing by Mattias Ekholm.
11:50 of 1st period - Travis Zajac wins face-off versus William Karlsson in Stars zone.
11:51 of 1st period - Shot by Zack Kassian.
11:51 of 1st period - Shot Misses the Net.
11:53 of 1st period - Shot by Travis Zajac.
11:53 of 1st period - Stopped by Darcy Kuemper without a rebound.
11:54 of 1st period - Teddy Blueger wins face-off versus Patrice Bergeron in Stars zone.
11:54 of 1st period - Teddy Blueger is hit by Patrice Bergeron.
12:36 of 1st period - Patrice Bergeron is hit by Zach Aston-Reese and loses puck.
12:42 of 1st period - Minor Penalty to Zach Aston-Reese for Hooking.
12:43 of 1st period - Bo Horvat wins face-off versus Nazem Kadri in Stars zone.
12:44 of 1st period - Shot by Logan Couture.
12:44 of 1st period - Shot Blocked by John Klingberg.
13:09 of 1st period - Shot by Alexander Edler.
13:09 of 1st period - Stopped by Darcy Kuemper without a rebound.
13:10 of 1st period - Teddy Blueger wins face-off versus Bo Horvat in Stars zone.
13:19 of 1st period - Shot by Alexander Edler.
13:19 of 1st period - Shot Misses the Net.
13:39 of 1st period - Shot by Kevin Shattenkirk.
13:39 of 1st period - Stopped by Darcy Kuemper without a rebound.
13:40 of 1st period - Patrice Bergeron wins face-off versus Teddy Blueger in Stars zone.
13:43 of 1st period - Shot by Joonas Donskoi.
13:43 of 1st period - Stopped by Darcy Kuemper without a rebound.
13:44 of 1st period - Patrice Bergeron wins face-off versus Teddy Blueger in Stars zone.
14:17 of 1st period - Shot by Erik Gudbranson.
14:17 of 1st period - Shot Misses the Net.
14:24 of 1st period - Icing by Patrice Bergeron.
14:25 of 1st period - Patrice Bergeron wins face-off versus William Karlsson in Lightning zone.
14:50 of 1st period - Shot by Logan Couture.
14:50 of 1st period - Stopped by Darcy Kuemper without a rebound.
14:51 of 1st period - Sidney Crosby wins face-off versus Bo Horvat in Stars zone.
15:10 of 1st period - Sidney Crosby is hit by Alexander Edler and loses puck.
15:48 of 1st period - Icing by Duncan Keith.
15:49 of 1st period - Travis Zajac wins face-off versus Jon Marchessault in Stars zone.
16:14 of 1st period - Icing by Jason Demers.
16:15 of 1st period - Jeff Skinner wins face-off versus Derick Brassard in Lightning zone.
17:37 of 1st period - Shot by Nazem Kadri.
17:37 of 1st period - Shot Misses the Net.
17:39 of 1st period - Shot by Nazem Kadri.
17:39 of 1st period - Stopped by Jaroslav Halak without a rebound.
17:40 of 1st period - Bo Horvat wins face-off versus William Karlsson in Lightning zone.
17:54 of 1st period - Bo Horvat is hit by Scott Mayfield and loses puck.
18:01 of 1st period - Shot by Logan Couture.
18:01 of 1st period - Stopped by Darcy Kuemper without a rebound.
18:02 of 1st period - Teddy Blueger wins face-off versus Patrice Bergeron in Stars zone.
19:11 of 1st period - Shot by Nazem Kadri.
19:11 of 1st period - Shot Blocked by Alexander Edler.
19:27 of 1st period - Alexander Edler is hit by Nazem Kadri.
19:49 of 1st period - William Karlsson is hit by Jeff Carter and loses puck.
Goals for this period are 0 for Lightning vs 0 for Stars.
Shots for this period are 13 for Lightning vs 5 for Stars.

2nd period


0:01 of 2nd period - Bo Horvat wins face-off versus Sidney Crosby in neutral zone.
0:22 of 2nd period - Bo Horvat is hit by Darnell Nurse and loses puck.
0:26 of 2nd period - Icing by Darnell Nurse.
0:27 of 2nd period - Sidney Crosby wins face-off versus Patrice Bergeron in Stars zone.
0:31 of 2nd period - Icing by Nazem Kadri.
0:32 of 2nd period - Frederik Gauthier wins face-off versus Sidney Crosby in Stars zone.
0:35 of 2nd period - Shot by Patrice Bergeron.
0:35 of 2nd period - Shot Blocked by John Klingberg.
0:59 of 2nd period - Shot by Sidney Crosby.
0:59 of 2nd period - Goal by Sidney Crosby - Lightning : 0 - Stars : 1.
1:00 of 2nd period - William Karlsson wins face-off versus Bo Horvat in neutral zone.
1:05 of 2nd period - Shot by Evgenii Dadonov.
1:05 of 2nd period - Stopped by Jaroslav Halak without a rebound.
1:06 of 2nd period - Bo Horvat wins face-off versus William Karlsson in Lightning zone.
1:41 of 2nd period - Shot by Jon Marchessault.
1:41 of 2nd period - Goal by Jon Marchessault - Lightning : 0 - Stars : 2.
1:42 of 2nd period - Sidney Crosby wins face-off versus Patrice Bergeron in neutral zone.
1:46 of 2nd period - Darnell Nurse is hit by Zach Bogosian and loses puck.
1:59 of 2nd period - Erik Gudbranson is hit by Nazem Kadri and loses puck.
2:18 of 2nd period - Shot by Sidney Crosby.
2:18 of 2nd period - Goal by Sidney Crosby - Lightning : 0 - Stars : 3.
2:19 of 2nd period - Derick Brassard wins face-off versus Travis Zajac in neutral zone.
2:48 of 2nd period - Mattias Ekholm is hit by Zack Kassian and loses puck.
2:53 of 2nd period - Shot by Zack Kassian.
2:53 of 2nd period - Stopped by Darcy Kuemper without a rebound.
2:54 of 2nd period - William Karlsson wins face-off versus Bo Horvat in Stars zone.
3:13 of 2nd period - Bo Horvat is hit by Jon Marchessault and loses puck.
3:27 of 2nd period - Off-side.
3:28 of 2nd period - Frederik Gauthier wins face-off versus Sidney Crosby in neutral zone.
3:40 of 2nd period - Icing by Darnell Nurse.
3:41 of 2nd period - Sidney Crosby wins face-off versus Travis Zajac in Stars zone.
3:49 of 2nd period - Off-side.
3:50 of 2nd period - Bo Horvat wins face-off versus William Karlsson in neutral zone.
3:54 of 2nd period - Kevin Shattenkirk is hit by Mattias Ekholm and loses puck.
4:01 of 2nd period - Shot by Evgenii Dadonov.
4:01 of 2nd period - Stopped by Jaroslav Halak without a rebound.
4:02 of 2nd period - Sidney Crosby wins face-off versus Patrice Bergeron in Lightning zone.
4:07 of 2nd period - Shot by Tyler Toffoli.
4:07 of 2nd period - Deflect By Sidney Crosby.
4:07 of 2nd period - Stopped by Jaroslav Halak without a rebound.
4:08 of 2nd period - Sidney Crosby wins face-off versus Alex Killorn in Lightning zone.
4:20 of 2nd period - Shot by Alex Killorn.
4:20 of 2nd period - Shot Blocked by John Klingberg.
4:22 of 2nd period - Shot by Bo Horvat.
4:22 of 2nd period - Stopped by Darcy Kuemper without a rebound.
4:23 of 2nd period - Patrice Bergeron wins face-off versus William Karlsson in Stars zone.
4:23 of 2nd period - Patrice Bergeron is hit by Mattias Ekholm.
4:34 of 2nd period - Joonas Donskoi is hit by Duncan Keith and loses puck.
4:54 of 2nd period - Minor Penalty to Duncan Keith for Interference.
4:55 of 2nd period - Bo Horvat wins face-off versus Teddy Blueger in Stars zone.
5:02 of 2nd period - Shot by Bo Horvat.
5:02 of 2nd period - Stopped by Darcy Kuemper without a rebound.
5:03 of 2nd period - Teddy Blueger wins face-off versus Bo Horvat in Stars zone.
5:38 of 2nd period - Shot by Bo Horvat.
5:38 of 2nd period - Stopped by Darcy Kuemper with a rebound.
6:11 of 2nd period - Patrice Bergeron is hit by Sami Vatanen.
6:15 of 2nd period - Shot by Patrice Bergeron.
6:15 of 2nd period - Stopped by Darcy Kuemper without a rebound.
6:16 of 2nd period - Teddy Blueger wins face-off versus Joonas Donskoi in Stars zone.
7:22 of 2nd period - Shot by Jeff Skinner.
7:22 of 2nd period - Deflect By Zack Kassian.
7:22 of 2nd period - Shot Misses the Net.
7:24 of 2nd period - Shot by Jason Demers.
7:24 of 2nd period - Stopped by Darcy Kuemper without a rebound.
7:25 of 2nd period - Derick Brassard wins face-off versus Bo Horvat in Stars zone.
7:38 of 2nd period - Shot by Bo Horvat.
7:38 of 2nd period - Shot Misses the Net.
7:40 of 2nd period - Shot by Alex Killorn.
7:40 of 2nd period - Shot Misses the Net.
8:24 of 2nd period - Shot by Patrice Bergeron.
8:24 of 2nd period - Stopped by Darcy Kuemper without a rebound.
8:25 of 2nd period - Nazem Kadri wins face-off versus Travis Zajac in Stars zone.
8:25 of 2nd period - Nazem Kadri is hit by Zack Kassian.
8:37 of 2nd period - Shot by Sidney Crosby.
8:37 of 2nd period - Shot Misses the Net.
8:39 of 2nd period - Shot by Mattias Ekholm.
8:39 of 2nd period - Stopped by Jaroslav Halak without a rebound.
8:40 of 2nd period - Patrice Bergeron wins face-off versus William Karlsson in Lightning zone.
8:40 of 2nd period - Patrice Bergeron is hit by Jon Marchessault.
8:49 of 2nd period - Jason Demers is hit by Sami Vatanen and loses puck.
9:14 of 2nd period - Shot by Scott Mayfield.
9:14 of 2nd period - Shot Misses the Net.
9:41 of 2nd period - Kevin Shattenkirk is hit by William Karlsson.
9:52 of 2nd period - Bo Horvat is hit by Sami Vatanen and loses puck.
10:04 of 2nd period - Evgenii Dadonov is hit by Alexander Edler and loses puck.
10:08 of 2nd period - Icing by Kevin Shattenkirk.
10:09 of 2nd period - Bo Horvat wins face-off versus Sidney Crosby in Lightning zone.
10:09 of 2nd period - Bo Horvat is hit by Nazem Kadri.
10:17 of 2nd period - Shot by Bo Horvat.
10:17 of 2nd period - Shot Misses the Net.
11:43 of 2nd period - Shot by Patrice Bergeron.
11:43 of 2nd period - Shot Misses the Net.
11:45 of 2nd period - Shot by Pierre-Edouard Bellemare.
11:45 of 2nd period - Shot Misses the Net.
11:47 of 2nd period - Shot by Frederik Gauthier.
11:47 of 2nd period - Shot Misses the Net.
11:49 of 2nd period - Shot by Pierre-Edouard Bellemare.
11:49 of 2nd period - Stopped by Darcy Kuemper with a rebound.
12:01 of 2nd period - Shot by Alex Killorn.
12:01 of 2nd period - Stopped by Darcy Kuemper with a rebound.
12:52 of 2nd period - Icing by Jeff Carter.
12:53 of 2nd period - Jeff Carter wins face-off versus William Karlsson in Lightning zone.
12:55 of 2nd period - Icing by Zach Bogosian.
12:56 of 2nd period - Nazem Kadri wins face-off versus Patrice Bergeron in Lightning zone.
12:57 of 2nd period - Shot by Sidney Crosby.
12:57 of 2nd period - Shot Misses the Net.
13:41 of 2nd period - Shot by Jeff Skinner.
13:41 of 2nd period - Stopped by Darcy Kuemper with a rebound.
13:43 of 2nd period - Shot by Travis Zajac.
13:43 of 2nd period - Shot Misses the Net.
13:45 of 2nd period - Shot by Jeff Skinner.
13:45 of 2nd period - Shot Blocked by Nazem Kadri.
13:47 of 2nd period - Shot by Jason Demers.
13:47 of 2nd period - Stopped by Darcy Kuemper without a rebound.
13:48 of 2nd period - William Karlsson wins face-off versus Bo Horvat in Stars zone.
13:59 of 2nd period - Shot by Evgenii Dadonov.
13:59 of 2nd period - Shot Misses the Net.
14:01 of 2nd period - Shot by Duncan Keith.
14:01 of 2nd period - Stopped by Jaroslav Halak without a rebound.
14:02 of 2nd period - Derick Brassard wins face-off versus Bo Horvat in Lightning zone.
14:12 of 2nd period - Minor Penalty to Darnell Nurse for Slashing.
14:13 of 2nd period - Teddy Blueger wins face-off versus Patrice Bergeron in Stars zone.
14:13 of 2nd period - Teddy Blueger is hit by Patrice Bergeron.
15:32 of 2nd period - Shot by Logan Couture.
15:32 of 2nd period - Shot Misses the Net.
15:34 of 2nd period - Shot by Bo Horvat.
15:34 of 2nd period - Shot Misses the Net.
15:36 of 2nd period - Shot by Alexander Edler.
15:36 of 2nd period - Stopped by Darcy Kuemper without a rebound.
15:37 of 2nd period - Teddy Blueger wins face-off versus Bo Horvat in Stars zone.
16:38 of 2nd period - Shot by Tyler Toffoli.
16:38 of 2nd period - Stopped by Jaroslav Halak without a rebound.
16:39 of 2nd period - Derick Brassard wins face-off versus Frederik Gauthier in Lightning zone.
17:17 of 2nd period - Minor Penalty to Erik Gudbranson for Hooking.
17:18 of 2nd period - Sidney Crosby wins face-off versus Travis Zajac in Lightning zone.
17:55 of 2nd period - Shot by Sidney Crosby.
17:55 of 2nd period - Stopped by Jaroslav Halak without a rebound.
17:56 of 2nd period - Frederik Gauthier wins face-off versus William Karlsson in Lightning zone.
18:02 of 2nd period - Icing by Nazem Kadri.
18:03 of 2nd period - William Karlsson wins face-off versus Travis Zajac in Stars zone.
18:12 of 2nd period - Shot by William Karlsson.
18:12 of 2nd period - Shot Misses the Net.
18:14 of 2nd period - Shot by Sami Vatanen.
18:14 of 2nd period - Shot Misses the Net.
18:16 of 2nd period - Shot by William Karlsson.
18:16 of 2nd period - Shot Blocked by Jason Demers.
18:18 of 2nd period - Shot by William Karlsson.
18:18 of 2nd period - Stopped by Jaroslav Halak without a rebound.
18:19 of 2nd period - Sidney Crosby wins face-off versus Travis Zajac in Lightning zone.
18:30 of 2nd period - Shot by John Klingberg.
18:30 of 2nd period - Stopped by Jaroslav Halak without a rebound.
18:31 of 2nd period - Frederik Gauthier wins face-off versus William Karlsson in Lightning zone.
18:31 of 2nd period - Frederik Gauthier is hit by William Karlsson.
18:41 of 2nd period - Shot by Nazem Kadri.
18:41 of 2nd period - Goal by Nazem Kadri - Lightning : 0 - Stars : 4.
18:41 of 2nd period - Elvis Merzlikins enters game.
18:42 of 2nd period - Derick Brassard wins face-off versus Bo Horvat in neutral zone.
19:14 of 2nd period - Shot by Derick Brassard.
19:14 of 2nd period - Shot Misses the Net.
19:20 of 2nd period - Shot by Josh Leivo.
19:20 of 2nd period - Goal by Josh Leivo - Lightning : 0 - Stars : 5.
19:21 of 2nd period - Patrice Bergeron wins face-off versus Sidney Crosby in neutral zone.
19:55 of 2nd period - Shot by Sidney Crosby.
19:55 of 2nd period - Stopped by Elvis Merzlikins without a rebound.
19:56 of 2nd period - Travis Zajac wins face-off versus William Karlsson in Lightning zone.
Goals for this period are 0 for Lightning vs 5 for Stars.
Shots for this period are 12 for Lightning vs 15 for Stars.

3rd period


0:01 of 3rd period - Sidney Crosby wins face-off versus Bo Horvat in neutral zone.
0:08 of 3rd period - Shot by Sidney Crosby.
0:08 of 3rd period - Stopped by Elvis Merzlikins without a rebound.
0:09 of 3rd period - Patrice Bergeron wins face-off versus William Karlsson in Lightning zone.
0:32 of 3rd period - Off-side.
0:33 of 3rd period - Sidney Crosby wins face-off versus Bo Horvat in neutral zone.
0:51 of 3rd period - Icing by Zach Bogosian.
0:52 of 3rd period - Bo Horvat wins face-off versus William Karlsson in Lightning zone.
1:01 of 3rd period - Shot by Alex Killorn.
1:01 of 3rd period - Stopped by Darcy Kuemper with a rebound.
1:02 of 3rd period - Minor Penalty to Darnell Nurse for Hooking.
1:03 of 3rd period - Patrice Bergeron wins face-off versus Teddy Blueger in Stars zone.
1:06 of 3rd period - Shot by Joonas Donskoi.
1:06 of 3rd period - Shot Hit the Post.
1:08 of 3rd period - Shot by Alexander Edler.
1:08 of 3rd period - Stopped by Darcy Kuemper with a rebound.
1:10 of 3rd period - Shot by Alexander Edler.
1:10 of 3rd period - Stopped by Darcy Kuemper without a rebound.
1:11 of 3rd period - Teddy Blueger wins face-off versus Bo Horvat in Stars zone.
1:48 of 3rd period - Shot by Alex Killorn.
1:48 of 3rd period - Deflect By Bo Horvat.
1:48 of 3rd period - Shot Misses the Net.
1:50 of 3rd period - Shot by Alexander Edler.
1:50 of 3rd period - Shot Misses the Net.
2:33 of 3rd period - Shot by Jeff Carter.
2:33 of 3rd period - Deflect By Patrice Bergeron.
2:33 of 3rd period - Stopped by Darcy Kuemper with a rebound.
3:17 of 3rd period - Shot by Darnell Nurse.
3:17 of 3rd period - Shot Blocked by Trevor Daley.
3:19 of 3rd period - Shot by John Klingberg.
3:19 of 3rd period - Shot Blocked by Trevor Daley.
3:21 of 3rd period - Shot by Nazem Kadri.
3:21 of 3rd period - Stopped by Elvis Merzlikins without a rebound.
3:22 of 3rd period - Frederik Gauthier wins face-off versus James van Riemsdyk in Lightning zone.
3:33 of 3rd period - Shot by Patrice Bergeron.
3:33 of 3rd period - Shot Misses the Net.
3:45 of 3rd period - Shot by Derick Brassard.
3:45 of 3rd period - Stopped by Elvis Merzlikins without a rebound.
3:46 of 3rd period - Tyler Toffoli wins face-off versus Travis Zajac in Lightning zone.
4:25 of 3rd period - Shot by Travis Zajac.
4:25 of 3rd period - Shot Blocked by John Klingberg.
4:53 of 3rd period - Shot by Duncan Keith.
4:53 of 3rd period - Shot Misses the Net.
4:55 of 3rd period - Shot by Jon Marchessault.
4:55 of 3rd period - Shot Misses the Net.
5:02 of 3rd period - Minor Penalty to Alexander Edler for Holding.
5:03 of 3rd period - William Karlsson wins face-off versus Travis Zajac in Lightning zone.
5:10 of 3rd period - Shot by Sami Vatanen.
5:10 of 3rd period - Stopped by Elvis Merzlikins without a rebound.
5:11 of 3rd period - Travis Zajac wins face-off versus Sidney Crosby in Lightning zone.
5:24 of 3rd period - Shot by Duncan Keith.
5:24 of 3rd period - Stopped by Elvis Merzlikins with a rebound.
6:33 of 3rd period - Shot by Duncan Keith.
6:33 of 3rd period - Shot Misses the Net.
6:35 of 3rd period - Shot by Duncan Keith.
6:35 of 3rd period - Shot Blocked by Zach Bogosian.
6:37 of 3rd period - Shot by Duncan Keith.
6:37 of 3rd period - Stopped by Elvis Merzlikins with a rebound.
6:39 of 3rd period - Shot by James van Riemsdyk.
6:39 of 3rd period - Shot Blocked by Jason Demers.
6:41 of 3rd period - Shot by Sidney Crosby.
6:41 of 3rd period - Shot Misses the Net.
6:43 of 3rd period - Shot by Duncan Keith.
6:43 of 3rd period - Shot Misses the Net.
6:45 of 3rd period - Shot by Sami Vatanen.
6:45 of 3rd period - Shot Misses the Net.
6:47 of 3rd period - Shot by Jon Marchessault.
6:47 of 3rd period - Stopped by Elvis Merzlikins with a rebound.
6:49 of 3rd period - Shot by Jon Marchessault.
6:49 of 3rd period - Shot Misses the Net.
6:51 of 3rd period - Shot by Duncan Keith.
6:51 of 3rd period - Shot Misses the Net.
6:53 of 3rd period - Shot by Duncan Keith.
6:53 of 3rd period - Stopped by Elvis Merzlikins without a rebound.
6:54 of 3rd period - William Karlsson wins face-off versus Travis Zajac in Lightning zone.
7:58 of 3rd period - Shot by Jeff Skinner.
7:58 of 3rd period - Shot Misses the Net.
8:00 of 3rd period - Shot by Travis Zajac.
8:00 of 3rd period - Deflect By Zack Kassian.
8:00 of 3rd period - Shot Blocked by Scott Mayfield.
8:00 of 3rd period - Scott Mayfield from Stars is injured at 8:00 of 3rd period (Back).
8:01 of 3rd period - Jon Marchessault wins face-off versus Patrice Bergeron in Stars zone.
8:15 of 3rd period - Off-side.
8:16 of 3rd period - Sidney Crosby wins face-off versus Bo Horvat in neutral zone.
9:10 of 3rd period - Icing by Frederik Gauthier.
9:11 of 3rd period - Frederik Gauthier wins face-off versus William Karlsson in Lightning zone.
9:16 of 3rd period - Shot by Pierre-Edouard Bellemare.
9:16 of 3rd period - Shot Misses the Net.
9:18 of 3rd period - Shot by Erik Gudbranson.
9:18 of 3rd period - Shot Misses the Net.
9:20 of 3rd period - Shot by Patrice Bergeron.
9:20 of 3rd period - Stopped by Darcy Kuemper without a rebound.
9:21 of 3rd period - Derick Brassard wins face-off versus Patrice Bergeron in Stars zone.
9:53 of 3rd period - Off-side.
9:54 of 3rd period - Bo Horvat wins face-off versus Evgenii Dadonov in neutral zone.
10:08 of 3rd period - Shot by Bo Horvat.
10:08 of 3rd period - Shot Misses the Net.
10:10 of 3rd period - Shot by Logan Couture.
10:10 of 3rd period - Deflect By Bo Horvat.
10:10 of 3rd period - Shot Misses the Net.
10:12 of 3rd period - Shot by Bo Horvat.
10:12 of 3rd period - Stopped by Darcy Kuemper without a rebound.
10:13 of 3rd period - Nazem Kadri wins face-off versus Travis Zajac in Stars zone.
10:26 of 3rd period - Jason Demers is hit by Nazem Kadri and loses puck.
10:39 of 3rd period - Shot by Sidney Crosby.
10:39 of 3rd period - Stopped by Elvis Merzlikins without a rebound.
10:40 of 3rd period - Bo Horvat wins face-off versus William Karlsson in Lightning zone.
11:08 of 3rd period - William Karlsson is hit by Alex Killorn and loses puck.
11:45 of 3rd period - Shot by Patrice Bergeron.
11:45 of 3rd period - Stopped by Darcy Kuemper with a rebound.
12:02 of 3rd period - Shot by Joonas Donskoi.
12:02 of 3rd period - Stopped by Darcy Kuemper without a rebound.
12:03 of 3rd period - Derick Brassard wins face-off versus Travis Zajac in Stars zone.
12:14 of 3rd period - Shot by James van Riemsdyk.
12:14 of 3rd period - Stopped by Elvis Merzlikins without a rebound.
12:15 of 3rd period - Teddy Blueger wins face-off versus Pierre-Edouard Bellemare in Lightning zone.
12:22 of 3rd period - Shot by Zach Aston-Reese.
12:22 of 3rd period - Stopped by Elvis Merzlikins without a rebound.
12:23 of 3rd period - Travis Zajac wins face-off versus William Karlsson in Lightning zone.
12:48 of 3rd period - Shot by Jon Marchessault.
12:48 of 3rd period - Shot Misses the Net.
12:56 of 3rd period - Shot by Evgenii Dadonov.
12:56 of 3rd period - Stopped by Elvis Merzlikins with a rebound.
13:02 of 3rd period - Shot by Evgenii Dadonov.
13:02 of 3rd period - Stopped by Elvis Merzlikins without a rebound.
13:03 of 3rd period - Nazem Kadri wins face-off versus Joonas Donskoi in Lightning zone.
13:07 of 3rd period - Icing by Alexander Edler.
13:08 of 3rd period - Sidney Crosby wins face-off versus Patrice Bergeron in Lightning zone.
13:31 of 3rd period - Shot by Patrice Bergeron.
13:31 of 3rd period - Shot Misses the Net.
13:32 of 3rd period - Minor Penalty to Mattias Ekholm for Slashing.
13:33 of 3rd period - Bo Horvat wins face-off versus Teddy Blueger in Stars zone.
13:56 of 3rd period - Shot by Teddy Blueger.
13:56 of 3rd period - Shot Misses the Net.
13:58 of 3rd period - Shot by John Klingberg.
13:58 of 3rd period - Stopped by Elvis Merzlikins without a rebound.
13:59 of 3rd period - Patrice Bergeron wins face-off versus Teddy Blueger in Lightning zone.
14:20 of 3rd period - Shot by Jeff Carter.
14:20 of 3rd period - Shot Misses the Net.
14:22 of 3rd period - Shot by Kevin Shattenkirk.
14:22 of 3rd period - Stopped by Darcy Kuemper without a rebound.
14:23 of 3rd period - Bo Horvat wins face-off versus Teddy Blueger in Stars zone.
14:31 of 3rd period - Icing by Erik Gudbranson.
14:32 of 3rd period - Bo Horvat wins face-off versus Teddy Blueger in Lightning zone.
14:37 of 3rd period - Shot by Alex Killorn.
14:37 of 3rd period - Stopped by Darcy Kuemper without a rebound.
14:38 of 3rd period - Teddy Blueger wins face-off versus Alex Killorn in Stars zone.
15:17 of 3rd period - Shot by Alexander Edler.
15:17 of 3rd period - Stopped by Darcy Kuemper without a rebound.
15:18 of 3rd period - Patrice Bergeron wins face-off versus Teddy Blueger in Stars zone.
16:04 of 3rd period - Icing by Travis Zajac.
16:05 of 3rd period - Travis Zajac wins face-off versus William Karlsson in Lightning zone.
16:18 of 3rd period - Icing by Jason Demers.
16:19 of 3rd period - Derick Brassard wins face-off versus Travis Zajac in Lightning zone.
16:54 of 3rd period - Shot by James van Riemsdyk.
16:54 of 3rd period - Shot Misses the Net.
17:14 of 3rd period - James van Riemsdyk is hit by Alex Killorn and loses puck.
17:44 of 3rd period - Duncan Keith is hit by Patrice Bergeron and loses puck.
18:49 of 3rd period - Icing by Sami Vatanen.
18:50 of 3rd period - William Karlsson wins face-off versus Bo Horvat in Stars zone.
18:50 of 3rd period - William Karlsson is hit by Logan Couture.
19:00 of 3rd period - Shot by Evgenii Dadonov.
19:00 of 3rd period - Deflect By Jon Marchessault.
19:00 of 3rd period - Stopped by Elvis Merzlikins without a rebound.
19:01 of 3rd period - Frederik Gauthier wins face-off versus Teddy Blueger in Lightning zone.
19:05 of 3rd period - Icing by Alexander Edler.
19:06 of 3rd period - Frederik Gauthier wins face-off versus Sidney Crosby in Lightning zone.
19:19 of 3rd period - Shot by Pierre-Edouard Bellemare.
19:19 of 3rd period - Goal by Pierre-Edouard Bellemare - Lightning : 1 - Stars : 5.
19:20 of 3rd period - Bo Horvat wins face-off versus William Karlsson in neutral zone.
19:25 of 3rd period - Shot by Logan Couture.
19:25 of 3rd period - Stopped by Darcy Kuemper without a rebound.
19:26 of 3rd period - Sidney Crosby wins face-off versus Bo Horvat in Stars zone.
19:35 of 3rd period - Shot by Nazem Kadri.
19:35 of 3rd period - Shot Misses the Net.
19:53 of 3rd period - Shot by Alex Killorn.
19:53 of 3rd period - Stopped by Darcy Kuemper without a rebound.
19:54 of 3rd period - William Karlsson wins face-off versus Patrice Bergeron in Stars zone.
19:58 of 3rd period - Duncan Keith is hit by Patrice Bergeron and loses puck.
Goals for this period are 1 for Lightning vs 0 for Stars.
Shots for this period are 14 for Lightning vs 15 for Stars.